 Dungeon Crawl Stone Soup version 0.26.0-16-gc1dbca0489 (webtiles) character file.

Game seed: 2161906176064894599

11480 Delamore the Bludgeoner (level 11, -9/63 HPs)
             Began as a Gargoyle Fighter on Jan 20, 2021.
             Was a High Priest of Okawaru.
             Killed from afar by a gargoyle (15 damage)
             ... with a stone arrow
             ... on level 11 of the Dungeon.
             The game lasted 00:16:02 (12535 turns).

Delamore the Bludgeoner (Gargoyle Fighter)         Turns: 12535, Time: 00:16:03

Health: -9/63      AC: 22    Str: 24    XL:     11   Next: 78%
Magic:  0/11       EV:  6    Int: 10    God:    Okawaru [*****.]
Gold:   434        SH: 10    Dex:  9    Spells: 10/10 levels left

rFire    + . .     SeeInvis .   J - +2 morningstar (drain)
rCold    + . .     Faith    .   c - +0 kite shield
rNeg     + + .     Spirit   +   a - +0 chain mail of the Robin {rN+ Int+2 Stlth+}
rPois    ∞         Reflect  .   f - +2 helmet
rElec    +         Harm     .   (no cloak)
rCorr    .         Rampage  .   x - +0 pair of gloves
Will     .....                  B - +0 pair of boots
Stlth    ..........             D - amulet of guardian spirit
HPRegen  0.20/turn              j - ring of protection from cold
MPRegen  0.12/turn              I - ring of protection from fire

@: no status effects
A: negative energy resistance 1, electricity resistance, unbreathing,
petrification resistance, miasma immunity, AC +8
a: Renounce Religion, Heroism, Finesse


You were on level 11 of the Dungeon.
You worshipped Okawaru.
Okawaru was extremely pleased with you.
You visited 2 branches of the dungeon, and saw 12 of its levels.
You also visited: Ossuary.

You collected 577 gold pieces.
You spent 143 gold pieces at shops.

Inventory:

Hand Weapons
 n - a +2 vampiric whip
 J - a +2 morningstar of draining (weapon)
Missiles
 s - 5 javelins (quivered)
 U - 3 curare-tipped darts
Armour
 a - the +0 chain mail of the Robin (worn) {rN+ Int+2 Stlth+}
   (Okawaru gifted it to you on level 9 of the Dungeon)

   It affects your intelligence (+2).
   It protects you from negative energy.
   It makes you more stealthy.
 c - a +0 kite shield (worn)
 f - a +2 helmet (worn)
 w - a +2 tower shield
 x - a +0 pair of gloves (worn)
 B - a +0 pair of boots (worn)
 N - a +0 plate armour
Jewellery
 j - a ring of protection from cold (left hand)
 D - an amulet of guardian spirit (around neck)
 I - a ring of protection from fire (right hand)
Wands
 o - a wand of flame (14)
 A - a wand of digging (6)
 M - a wand of disintegration (27)
 T - a wand of iceblast (3)
Scrolls
 b - a scroll of random uselessness
 l - 3 scrolls of immolation
 m - 5 scrolls of remove curse
 r - 2 scrolls of fog
 t - 3 scrolls of fear {unknown}
 u - 4 scrolls of teleportation
 v - 3 scrolls of magic mapping
 y - a scroll of noise
 C - 2 scrolls of torment
 E - a scroll of holy word
 L - 4 scrolls of amnesia
 O - a scroll of blinking
 Q - 2 scrolls of enchant weapon
 S - 3 scrolls of enchant armour
Potions
 d - 6 potions of might
 e - 3 potions of flight
 g - 3 potions of heal wounds
 h - 4 potions of curing
 k - 2 potions of resistance
 p - 3 potions of magic
 q - a potion of lignification {unknown}
 z - 6 potions of attraction
 F - 4 potions of degeneration {unknown}
 G - 2 potions of haste {unknown}
 H - a potion of mutation {unknown}
 K - a potion of ambrosia {unknown}
 P - a potion of brilliance {unknown}
 R - a potion of berserk rage
Miscellaneous
 i - a phantom mirror


   Skills:
 - Level 5.0 Fighting
 + Level 15.9 Maces & Flails
 - Level 5.0 Throwing
 - Level 3.2 Armour
 - Level 5.0 Shields


You had 10 spell levels left.
You didn't know any spells.
Your spell library contained the following spells:

 Spells                   Type           Power        Failure   Level
 Sting                    Tmut/Pois      0%           100%        1
 Poisonous Vapours        Pois/Air       0%           100%        2
 Ignite Poison            Fire/Tmut/Pois 0%           100%        3
 Mephitic Cloud           Conj/Pois/Air  0%           100%        3
 Olgreb's Toxic Radiance  Pois           0%           100%        4


Dungeon Overview and Level Annotations

Branches:
Dungeon (11/15)            Temple (1/1) D:4             Orc (0/2) D:10
Ossuary (visited)
   Lair: D:8-11

Altars:
Ashenzari
Cheibriados
Dithmenos
Elyvilon
Fedhas
Gozag
Hepliaklqana
Kikubaaqudgha
Makhleb
Nemelex Xobeh
Okawaru
Qazlal
Ru
Sif Muna
Trog
Uskayaw
Vehumet
Wu Jian
Xom
Yredelemnul
Zin
The Shining One
Beogh

Shops:
D:6 !

Annotations:
D:8 1 runed translucent door, pzskc383's ghost, novice GrEE


Innate Abilities, Weirdness & Mutations

You are resistant to torment.
Your stone body is resilient. (AC +8)
You are immune to poison.
You resist negative energy. (rN+)
You are resistant to electric shocks. (rElec)
You can survive without breathing.
You are immune to petrification.
You are immune to miasma.


Message History

You are too injured to fight recklessly!
You are too injured to fight recklessly!
You are too injured to fight recklessly!
You are too injured to fight recklessly!
You are too injured to fight recklessly!
You completely miss the gargoyle.
The gargoyle is severely damaged.
You barely miss the gargoyle.
The gargoyle is severely damaged.
The gargoyle hurls a stone arrow at you.
The stone arrow hits you!!
* * * LOW HITPOINT WARNING * * *
The scorpion barely misses you.
The gargoyle hurls a stone arrow at you.
The stone arrow hits you but does no damage.
The scorpion stings you but does no damage.
There is an open door here.
The gargoyle hurls a stone arrow at you.
The stone arrow hits you!
You die...

#....>.....).......
#......####........
#......'.†'........
#......####[.......
#......# #########
#......#
#......#######
#.####........
#.@.s#........
#.†..'9.......
##...#........
#...#........
#...#........
#...###.'#### #..##
..# #..# ... #..#
.P..


You could see a gargoyle and a scorpion.

Vanquished Creatures
  Harold (D:9)
  A two-headed ogre (D:9)
  An ugly thing (D:11)
  Maggie (D:9)
  Prince Ribbit (D:5)
  A hornet (D:9)
  A wyvern (D:9)
  14 yaks
  A steam dragon (D:9)
  Edmund (D:5)
  A water moccasin (D:11)
  7 orc warriors
  A necrophage (D:6)
  2 ice beasts
  2 sky beasts
  3 black bears
  An eye of draining (D:8)
  A phantom (D:10)
  4 ogres
  4 centaurs
  A big kobold (D:8)
  11 bullfrogs
  2 scorpions
  A water moccasin skeleton (D:5)
  4 killer bees
  9 wights (D:10)
  5 howler monkeys
  4 centaur zombies
  5 bullfrog zombies
  6 hounds
  12 orc priests
  4 jellies
  A centaur skeleton (D:6)
  22 orc wizards
  2 worker ants
  2 killer bee zombies (Ossuary)
  3 hound zombies
  2 hound skeletons
  12 mummies (Ossuary)
  2 worker ant zombies (Ossuary)
  5 gnolls
  13 adders
  2 shadow imps (D:6)
  3 white imps
  2 ufetubi
  An ooze (D:3)
  3 adder zombies
  An adder skeleton (D:5)
  4 worms
  5 dart slugs
  5 leopard geckos
  65 orcs
  A ball python (D:1)
  10 bats
  6 giant cockroaches
  5 goblins
  7 hobgoblins
  16 jackals
  8 quokkas
  A ball python zombie (Ossuary)
  16 frilled lizards
  A jackal zombie (Ossuary)
  17 kobolds
  2 leopard gecko skeletons (D:4)
  2 quokka zombies (Ossuary)
  5 rats
365 creatures vanquished.

Vanquished Creatures (others)
  5 plants (D:1)
  8 withered plants (Ossuary)
13 creatures vanquished.

Grand Total: 378 creatures vanquished

Notes
Turn   | Place    | Note
-------+----------+-------------------------------------------
     0 | D:1      | Delamore the Gargoyle Fighter began the quest for the Orb.
     0 | D:1      | Reached XP level 1. HP: 14/14 MP: 1/1
   125 | D:1      | Reached XP level 2. HP: 19/19 MP: 2/2
   199 | D:1      | HP: 1/20 [jackal (1)]
   402 | D:1      | Reached XP level 3. HP: 16/24 MP: 3/3
  1135 | D:2      | Reached XP level 4. HP: 25/29 MP: 4/4
  1192 | D:2      | Reached skill level 3 in Maces & Flails
  1229 | D:2      | Found an opulent altar of Gozag.
  1661 | D:2      | Reached XP level 5. HP: 34/34 MP: 5/5
  3370 | D:3      | Reached skill level 5 in Fighting
  3370 | D:3      | Reached skill level 5 in Shields
  3370 | D:3      | Reached XP level 6. HP: 40/40 MP: 6/6
  3491 | D:4      | Reached skill level 4 in Maces & Flails
  3535 | D:4      | Found a staircase to the Ecumenical Temple.
  3563 | Temple   | Entered the Ecumenical Temple
  3686 | Temple   | Became a worshipper of Warmaster Okawaru
  3732 | D:4      | Reached skill level 5 in Maces & Flails
  4166 | D:4      | Found a sacrificial altar of Ru.
  4171 | D:4      | Reached XP level 7. HP: 44/44 MP: 7/7
  4494 | D:5      | Entered Level 5 of the Dungeon
  4661 | D:5      | Reached skill level 6 in Maces & Flails
  4796 | D:5      | Noticed Prince Ribbit
  4925 | D:5      | Killed Prince Ribbit
  4925 | D:5      | Reached * piety under Okawaru
  4926 | D:5      | Reached skill level 7 in Maces & Flails
  5109 | D:5      | Reached XP level 8. HP: 49/49 MP: 8/8
  5192 | D:5      | Reached skill level 1 in Throwing
  5254 | D:5      | Noticed Edmund
  5267 | D:5      | Killed Edmund
  5417 | D:6      | Reached ** piety under Okawaru
  5418 | D:6      | Reached skill level 8 in Maces & Flails
  5565 | D:6      | Found Qetitsoa's Distillery.
  5569 | D:6      | Bought a potion of heal wounds for 55 gold pieces
  5569 | D:6      | Bought a potion of heal wounds for 55 gold pieces
  5569 | D:6      | Bought a potion of curing for 33 gold pieces
  5637 | D:6      | Found a sand-covered staircase.
  5642 | Ossuary  | Entered an ossuary
  5697 | Ossuary  | Reached XP level 9. HP: 49/54 MP: 7/9
  5722 | Ossuary  | Reached skill level 9 in Maces & Flails
  6026 | Ossuary  | Reached *** piety under Okawaru
  6027 | Ossuary  | Reached skill level 5 in Throwing
  6538 | D:6      | Reached skill level 10 in Maces & Flails
  7521 | D:7      | Reached skill level 11 in Maces & Flails
  7580 | D:7      | Reached **** piety under Okawaru
  7993 | D:7      | Found a sparkling altar of Nemelex Xobeh.
  8251 | D:8      | Reached XP level 10. HP: 49/59 MP: 7/10
  8295 | D:8      | Reached skill level 12 in Maces & Flails
  8325 | D:8      | Found a white marble altar of Elyvilon.
  9343 | D:8      | Reached ***** piety under Okawaru
  9460 | D:8      | Found a runed translucent door.
  9460 | D:8      | Noticed pzskc383's ghost (novice GrEE)
  9942 | D:9      | Noticed Harold
  9966 | D:9      | Killed Harold
  9967 | D:9      | Reached skill level 13 in Maces & Flails
 10243 | D:9      | Noticed a two-headed ogre
 10258 | D:9      | Killed a two-headed ogre
 10258 | D:9      | Received a gift from Okawaru
 10263 | D:9      | Reached skill level 14 in Maces & Flails
 10263 | D:9      | Reached XP level 11. HP: 52/63 MP: 8/11
 10276 | D:9      | Found a burning altar of Makhleb.
 10532 | D:9      | Noticed Maggie
 10544 | D:9      | Killed Maggie
 11036 | D:9      | Received a gift from Okawaru
 11041 | D:9      | Got a heavily runed chain mail {god gift}
 11052 | D:9      | Identified the +0 chain mail of the Robin {rN+ Int+2
                  | Stlth+} (Okawaru gifted it to you on level 9 of the
                  | Dungeon)
 11626 | D:10     | Entered Level 10 of the Dungeon
 11664 | D:10     | Reached skill level 15 in Maces & Flails
 11848 | D:10     | Found a staircase to the Orcish Mines.
 11858 | D:10     | Found a roughly hewn altar of Beogh.
 12358 | D:11     | Noticed a green ugly thing
 12381 | D:11     | Killed a green ugly thing
 12535 | D:11     | Killed from afar by a gargoyle

Illustrated notes

Levels and vault maps discovered:
D:1:      nicolae_arrival_memento_mori, layout_loops_cross, minmay_lizard_king
D:2:      layout_basic, general_overflow_altar
D:3:      layout_basic, chequers_serial_rivers_marsh
D:4:      layout_loops_ring, nicolae_ru_great_annihilating_truth,
          minmay_temple_entry_stoned_glass, hangedman_decor_slide_cut
D:5:      layout_loops_cross, uniq_edmund, uniq_prince_ribbit1
D:6:      layout_basic, serial_shops, shop_fountains, enter_ossuary_5,
          minmay_quadrilaterals
D:7:      layout_loops_ring, nemelex_xobeh_ov_fountains_minmay
D:8:      layout_gridville, gammafunk_ghost_grave, elyvilon_altar_5
D:9:      layout_cave_pods, lightli_temple_of_fire, uniq_maggie, uniq_harold
D:10:     layout_cave_pools, minmay_orc_entry_temple_small
D:11:     layout_basic, david_lair_generic
Temple:   regret_index_temple_mists

Skill      XL: |  1  2  3  4  5  6  7  8  9 10 11 |
---------------+----------------------------------+-----
Fighting       | 4 5 |  5.0
Shields        | 4 5 |  5.0
Maces & Flails | 3 5 7 8 11 14 15 | 15.9
Throwing       | 4 5 |  5.0
Armour         | |  3.2

Action                   |  1- 3 |  4- 6 |  7- 9 | 10-12 || total
-------------------------+-------+-------+-------+-------++-------
Melee: Flail             |   172 |   121 |       |       ||   293
       Morningstar       |       |   134 |   522 |   611 ||  1267
Throw: Dart              |       |     4 |    25 |    25 ||    54
       Throwing net      |       |       |     2 |     3 ||     5
       Javelin           |       |       |       |    10 ||    10
  Use: Scroll            |       |       |    13 |     7 ||    20
       Potion            |       |       |       |     3 ||     3
 Stab: Invisible         |       |       |     1 |       ||     1
       Held in net/web   |       |       |     1 |       ||     1
Armor: Scale mail        |   140 |    44 |       |       ||   184
       Chain mail        |       |   123 |   315 |   393 ||   831
Dodge: Dodged            |    69 |    66 |   112 |   152 ||   399
Block: Kite shield       |   118 |   158 |   263 |   318 ||   857
